 Dungeon Crawl Stone Soup version 0.24.1 (webtiles) character file.

Game seed: 6964919681432420451, levelgen mode: deterministic

12565 trocado the Severer (level 11, -24/88 HPs)
             Began as a Hill Orc Fighter on Apr 2, 2020.
             Was a High Priest of Beogh.
             Annihilated by an enormous slime creature (68 damage)
             ... on level 12 of the Dungeon on Apr 3, 2020.
             The game lasted 03:44:21 (6763 turns).

trocado the Severer (Hill Orc Fighter)              Turns: 6763, Time: 03:44:22

Health: -24/88     AC: 12    Str: 27    XL:     11   Next: 95%
Magic:  11/11      EV: 11    Int:  8    God:    Beogh [*****.]
Gold:   786        SH: 11    Dex: 10    Spells: 10/10 levels left

rFire    . . .     SeeInvis .   R - +10 war axe of Motasaeb {chop, rN+ MR+}
rCold    . . .     Gourm    .   c - +0 shield
rNeg     + . .     Faith    +   d - +2 ring mail of the Barracuda {rElec Regen+ Str+4 Stlth+}
rPois    .         Spirit   .   o - +0 helmet
rElec    +         Reflect  .   (no cloak)
rCorr    .         Harm     .   s - +1 pair of gloves
MR       ++...                  (no boots)
Stlth    ++........             j - amulet of faith
HPRegen  0.64/turn              x - +2 ring of slaying
MPRegen  0.12/turn              Z - ring of protection from magic

@: no status effects
A: walk on water
a: Smiting, Recall Orcish Followers, Give Item to Named Follower, Renounce
Religion


You were on level 12 of the Dungeon.
You worshipped Beogh.
Beogh was extremely pleased with you.
You were not hungry.

You visited 1 branch of the dungeon, and saw 12 of its levels.

You collected 786 gold pieces.

Inventory:

Hand Weapons
 a - a +0 war axe
 i - a +1 dagger of venom
 p - a +1 hunting sling of flaming
 u - a +3 flail of holy wrath
 R - the +10 war axe of Motasaeb (weapon) {chop, rN+ MR+}
   (You found it on level 9 of the Dungeon)

   It inflicts extra damage upon your enemies.
   It protects you from negative energy.
   It affects your resistance to hostile enchantments.
 X - a +4 flail of protection
Missiles
 h - 281 stones (quivered)
 k - 7 silver boomerangs
 q - 58 poisoned darts
 r - 6 curare-tipped darts
 v - 98 bolts
 y - an atropa-tipped dart
 B - a throwing net
 D - 81 sling bullets
Armour
 c - a +0 shield (worn)
 d - the +2 ring mail of the Barracuda (worn) {rElec Regen+ Str+4 Stlth+}
   (You found it on level 4 of the Dungeon)

   It affects your strength (+4).
   It insulates you from electricity.
   It increases your rate of regeneration.
   It makes you more stealthy.
 o - a +0 helmet (worn)
 s - a +1 pair of gloves (worn)
 T - a +2 robe of resistance
Jewellery
 j - an amulet of faith (around neck)
 x - a +2 ring of slaying (left hand)
 K - an uncursed amulet of the acrobat
 Z - a ring of protection from magic (right hand)
Wands
 m - a wand of disintegration (31)
 C - a wand of iceblast (11)
 H - a wand of digging (6)
 I - a wand of random effects (15)
 L - a wand of enslavement (11)
Scrolls
 n - a scroll of vulnerability {unknown}
 t - a scroll of fog
 A - 2 scrolls of remove curse
 J - 2 scrolls of identify
 M - 2 scrolls of teleportation
 Q - 2 scrolls of blinking
 U - a scroll of magic mapping
Potions
 b - a potion of berserk rage {unknown}
 e - a potion of invisibility {unknown}
 g - a potion of flight {unknown}
 l - a potion of brilliance {unknown}
 w - 2 potions of heal wounds
 E - 2 potions of agility
 F - 2 potions of curing
 G - 3 potions of haste {unknown}
 N - 2 potions of mutation {unknown}
 O - 2 potions of resistance {unknown}
 S - a potion of cancellation
Miscellaneous
 V - a crystal ball of energy
Comestibles
 f - 11 rations


   Skills:
 - Level 5.4 Fighting
 * Level 16.5 Axes
 * Level 7.2 Slings
 - Level 0.2(4.4) Throwing
 + Level 6.6 Armour
 + Level 3.4 Dodging
 + Level 2.7 Stealth
 + Level 7.7 Shields


You had 10 spell levels left.
You didn't know any spells.
Your spell library contained the following spells:

 Spells                   Type           Power        Failure   Level  Hunger
 Animate Skeleton         Necr           N/A          85%         1    ##.....
 Apportation              Tloc           #.....       85%         1    ##.....
 Confusing Touch          Hex            #.....       85%         1    ##.....
 Shock                    Conj/Air       #...         85%         1    ##.....
 Summon Small Mammal      Summ           #...         85%         1    ##.....
 Swiftness                Chrm/Air       #.......     94%         2    ###....
 Static Discharge         Conj/Air       #.......     99%         3    ####...
 Airstrike                Air            #.........   100%        4    #####..
 Lightning Bolt           Conj/Air       #.........   100%        5    ######.


Dungeon Overview and Level Annotations

Branches:
Dungeon (12/15)            Temple (0/1) D:7            Lair (0/6) D:11
    Orc: D:9-12

Altars:
Ashenzari
Dithmenos
Gozag
Zin
The Shining One

Annotations:
D:12 2 runed translucent doors, dannycarnage's ghost, journeyman MiBe


Message History

The large slime creature is smitten.
You slash the large slime creature!
The large slime creature is severely wounded.
The large slime creature hits you!
Two slime creatures merge to form an enormous slime creature.
Your orc warrior hits the enormous slime creature from afar with a +0 trident!
You barely miss the enormous slime creature.
The enormous slime creature is heavily wounded.
Your orc warrior hits the enormous slime creature from afar with a +0 trident!
You slash the enormous slime creature!
The enormous slime creature is heavily wounded.
You block the enormous slime creature's attack.
You slash the enormous slime creature!
The enormous slime creature is severely wounded.
Your orc warrior hits the enormous slime creature from afar with a +0 trident!
You barely miss the enormous slime creature.
The enormous slime creature is severely wounded.
The enormous slime creature hits you!!!
Ouch! That really hurt!
You die...

###.#.###'########.#....#
#.≈}.≈#.#..## #.###o.#
.#≈$.(≈##...## #.###..#
..⌠≈#≈.##....## #......#
#W.≈≈...#.....####...#.##
###++####.....+...........
..............##o.......##
.##..........###o##.##..#
.######.....## #@#####..#
.# ##...## #J# #..# .####
##+## #.# ..# ....# #.#
###.# #.# # # #.# # #.. .
### ##


You could see an enormous slime creature, a friendly orc warrior and the
friendly Herok the orc priest.

Vanquished Creatures
  2 two-headed ogres
  Erica (D:9)
  A manticore (D:9)
  A gargoyle (D:10)
  2 trolls
  A merfolk (D:9)
  Prince Ribbit (D:9)
  A hippogriff (D:11)
  A slime creature (D:12)
  18 yaks
  A hog (D:9)
  A human (D:8)
  2 wyverns (D:9)
  A water moccasin (D:5)
  Duvessa (D:4)
  7 black bears (D:9)
  2 sky beasts
  6 orc warriors
  5 ogres
  A phantom (D:7)
  2 ice beasts
  A crocodile (D:9)
  3 centaurs
  5 big kobolds
  8 bullfrogs
  2 gnoll sergeants (D:9)
  A wyvern skeleton (D:11)
  Dowan (D:4)
  4 wights (D:9)
  6 electric eels (D:9)
  A centaur zombie (D:9)
  2 crimson imps
  2 jellies
  A bullfrog zombie (D:10)
  A bullfrog skeleton (D:8)
  6 orc priests
  4 gnoll shamans
  4 hounds
  Terence (D:3)
  3 iguanas
  3 orc wizards
  5 worker ants
  A hound skeleton (D:4)
  9 gnolls
  9 adders
  2 shadow imps
  An ooze (D:1)
  An adder skeleton (D:4)
  A worm (D:2)
  2 dart slugs
  8 leopard geckos
  14 orcs
  2 giant cockroaches
  11 goblins
  6 hobgoblins
  6 jackals
  2 quokkas
  10 bats
  4 frilled lizards
  15 kobolds
  A leopard gecko skeleton (D:6)
  A leopard gecko zombie (D:6)
  A quokka zombie (D:5)
  5 rats
  A bush (D:9)
  4 plants (D:9)
239 creatures vanquished.

Vanquished Creatures (collateral kills)
  A harpy skeleton (D:11)
  2 yaks
  2 centaurs (D:12)
  A centaur zombie (D:9)
  A jelly (D:9)
  An orc (D:10)
8 creatures vanquished.

Vanquished Creatures (others)
  2 orc warriors (D:10)
  An orc priest (D:9)
  2 orc wizards (D:9)
  11 orcs
16 creatures vanquished.

Grand Total: 263 creatures vanquished

Notes
Turn   | Place    | Note
-------+----------+-------------------------------------------
     0 | D:1      | trocado the Hill Orc Fighter began the quest for the Orb.
     0 | D:1      | Reached XP level 1. HP: 19/19 MP: 1/1
   112 | D:1      | Reached XP level 2. HP: 26/27 MP: 2/2
   199 | D:1      | Reached skill level 3 in Axes
   415 | D:1      | Reached XP level 3. HP: 33/33 MP: 3/3
  1170 | D:3      | Reached XP level 4. HP: 40/40 MP: 4/4
  1194 | D:3      | Found a shattered altar of Ashenzari.
  1219 | D:3      | Reached skill level 4 in Axes
  1226 | D:3      | Noticed Terence
  1334 | D:4      | Noticed Duvessa
  1632 | D:3      | Killed Terence
  1632 | D:3      | Reached XP level 5. HP: 46/46 MP: 5/5
  1752 | D:4      | Noticed Dowan
  1776 | D:4      | Killed Duvessa
  1776 | D:4      | Reached skill level 5 in Axes
  1776 | D:4      | Reached XP level 6. HP: 32/53 MP: 6/6
  1778 | D:4      | Killed Dowan
  1778 | D:4      | Reached skill level 6 in Axes
  1778 | D:4      | Reached skill level 1 in Slings
  1824 | D:4      | Got a faintly humming ring mail
  1835 | D:4      | Identified the +2 ring mail of the Barracuda {rElec Regen+
                  | Str+4 Stlth+} (You found it on level 4 of the Dungeon)
  1993 | D:5      | Entered Level 5 of the Dungeon
  2229 | D:5      | Reached XP level 7. HP: 52/60 MP: 7/7
  2241 | D:5      | Reached skill level 7 in Axes
  2247 | D:5      | Reached skill level 1 in Dodging
  2259 | D:5      | Found a glowing golden altar of the Shining One.
  2934 | D:7      | Found a glowing silver altar of Zin.
  2934 | D:7      | Noticed an angel
  2943 | D:7      | Became a worshipper of Beogh the Brigand
  2962 | D:7      | Reached XP level 8. HP: 67/67 MP: 8/8
  2974 | D:7      | Reached skill level 5 in Fighting
  2974 | D:7      | Reached skill level 8 in Axes
  3119 | D:6      | Reached skill level 5 in Shields
  3180 | D:7      | Found a staircase to the Ecumenical Temple.
  3254 | D:7      | Reached skill level 9 in Axes
  3389 | D:8      | Reached * piety under Beogh
  3531 | D:8      | Reached skill level 10 in Axes
  3544 | D:8      | Reached XP level 9. HP: 71/74 MP: 9/9
  3975 | D:7      | Found a shadowy altar of Dithmenos.
  4326 | D:8      | Reached ** piety under Beogh
  4429 | D:9      | Reached skill level 11 in Axes
  4434 | D:9      | Reached skill level 1 in Stealth
  4435 | D:9      | Reached skill level 5 in Armour
  4525 | D:9      | Reached skill level 12 in Axes
  4608 | D:9      | Reached skill level 5 in Slings
  4695 | D:9      | Reached XP level 10. HP: 81/81 MP: 10/10
  4704 | D:9      | Got a scorched war axe
  4705 | D:9      | Identified the +10 war axe of Motasaeb {chop, rN+ MR+} (You
                  | found it on level 9 of the Dungeon)
  4725 | D:9      | Noticed Erica
  4726 | D:9      | Noticed a two-headed ogre
  4732 | D:9      | Killed a two-headed ogre
  4732 | D:9      | Reached skill level 13 in Axes
  4740 | D:9      | Killed Erica
  4852 | D:9      | Reached *** piety under Beogh
  4853 | D:9      | Identified the +1 robe of Defiance {+Blink rPois Str-5}
  4898 | D:9      | Reached skill level 14 in Axes
  5185 | D:9      | Gained Murdo as an ally
  5325 | D:9      | Your ally Murdo died
  5329 | D:9      | Reached XP level 11. HP: 61/88 MP: 11/11
  5562 | D:10     | Entered Level 10 of the Dungeon
  5570 | D:10     | Reached **** piety under Beogh
  5572 | D:10     | Reached skill level 15 in Axes
  5757 | D:10     | Noticed a two-headed ogre
  5769 | D:10     | Killed a two-headed ogre
  5809 | D:10     | Reached skill level 16 in Axes
  5930 | D:9      | Noticed Prince Ribbit
  5946 | D:9      | Killed Prince Ribbit
  5993 | D:9      | Noticed a manticore
  6006 | D:9      | Killed a manticore
  6131 | D:9      | Found an opulent altar of Gozag.
  6252 | D:10     | Gained Herok as an ally
  6402 | D:11     | Reached ***** piety under Beogh
  6427 | D:11     | Found a staircase to the Lair.
  6662 | D:12     | Found a large runed translucent door.
  6662 | D:12     | Found a large runed translucent door.
  6664 | D:12     | Noticed dannycarnage's ghost (journeyman MiBe)
  6763 | D:12     | Annihilated by an enormous slime creature

Levels and vault maps discovered:
D:1:      dpeg_arrival_arbitrary_a, layout_basic, chequers_garden,
          minmay_misc_feat_chi
D:2:      layout_rooms, chequers_ecumenical_altar_grove
D:3:      layout_basic, nicolae_ashenzari_panopticon, uniq_terence
D:4:      layout_cave_pools, first_ration, uniq_duvessa
D:5:      layout_basic, overflow_temple_1_default
D:6:      layout_basic
D:7:      layout_basic, zin_angel, grunt_dithmenos_shadows,
          minmay_temple_entry_drinking_statues, serial_shops, shop
D:8:      layout_basic, grunt_pizzeria
D:9:      kennysheep_town, uniq_erica, uniq_prince_ribbit1
D:10:     layout_loops_cross
D:11:     layout_roguey [special_room_orc], lair_entry_dummy
D:12:     layout_loops_corners, orc_0_dummy, ebering_ghost_disaster_area

Skill      XL: |  1  2  3  4  5  6  7  8  9 10 11 |
---------------+----------------------------------+-----
Fighting       | 4 5 |  5.4
Axes           | 3 4 5 6 7 10 12 14 16 | 16.5
Shields        | 4 5 6 7 |  7.7
Slings         | 1 3 4 5 6 7 |  7.2
Armour         | 4 5 6 |  6.6
Dodging        | 1 2 3 |  3.4
Stealth        | 1 2 |  2.7
Throwing       | |  0.2

Action                   |  1- 3 |  4- 6 |  7- 9 | 10-12 || total
-------------------------+-------+-------+-------+-------++-------
Melee: War axe           |   121 |   125 |   248 |   283 ||   777
       Flail             |       |     1 |     3 |       ||     4
 Fire: Hunting sling     |     7 |     5 |    65 |    45 ||   122
Throw: Stone             |     3 |     4 |    18 |     4 ||    29
       Dart              |     4 |    12 |    19 |     6 ||    41
Invok: Convert to Beogh  |       |       |     1 |       ||     1
       Give Item to Name |       |       |       |     1 ||     1
  Use: Scroll            |       |     7 |     4 |     2 ||    13
       Potion            |       |     4 |       |     2 ||     6
 Stab: Sleeping          |       |       |     3 |     3 ||     6
       Distracted        |       |       |       |     1 ||     1
  Eat: Ration            |     1 |     1 |     2 |     2 ||     6
       Chunk             |       |       |       |     1 ||     1
Armor: Scale mail        |    52 |    53 |       |       ||   105
       Ring mail         |       |    14 |    82 |    37 ||   133
Dodge: Dodged            |    43 |    42 |    63 |    64 ||   212
Block: Shield            |    65 |    83 |   127 |   117 ||   392
